 Dungeon Crawl Stone Soup version 0.30.1-3-gfc49f6343a (webtiles) character file.

Game seed: 5821579076005994295

11246 Heoruswealwe the Skirmisher (level 11, -1/104 HPs)
             Began as a Demigod Hunter on Aug 8, 2023.
             Hit by a large rock thrown by a cyclops (23 damage)
             ... on level 11 of the Dungeon on Aug 9, 2023.
             The game lasted 01:54:45 (10864 turns).

Heoruswealwe the Skirmisher (Demigod Hunter)       Turns: 10864, Time: 01:54:46

Health: -1/104     AC: 13    Str: 12    XL:     11   Next: 23%
Magic:  14/14      EV: 11    Int: 11    God:
Gold:   1128       SH:  0    Dex: 29    Spells: 10/10 levels left

rFire   + . .        a - +0 arbalest
rCold   . . .        (shield currently unavailable)
rNeg    . . .        c - +2 swamp dragon scales
rPois   +            g - +0 helmet
rElec   .            h - +2 cloak {rCorr}
rCorr   +            (no gloves)
SInv    +            (no boots)
Will    +....        (no amulet)
Stlth   ++           k - ring of see invisible
HPRegen 0.37/turn    j - ring of protection from fire
MPRegen 0.14/turn

%: no passive effects
@: no status effects
A: high MP 1, forlorn, divine attributes
a: no special abilities


You were on level 11 of the Dungeon.
You visited 2 branches of the dungeon, and saw 12 of its levels.
You also visited: Bailey.

You collected 1392 gold pieces.
You spent 264 gold pieces at shops.

Inventory:

Hand Weapons
 a - a +0 arbalest (weapon)
 b - a +2 scimitar of flaming
 J - a +0 battleaxe
Armour
 c - +2 swamp dragon scales (worn)
 g - a +0 helmet (worn)
 h - a +2 cloak of preservation (worn)
 D - a +0 troll leather armour
 F - the +1 robe of Wuevi {rCorr Str+4 Stlth+}
   (You found it on level 2 of the Dungeon)

   Str:       It affects your strength (+4).
   rCorr:     It protects you from acid and corrosion.
   Stlth:     It makes you more stealthy.
Magical Staves
 i - a staff of fire
Jewellery
 j - a ring of protection from fire (right hand)
 k - a ring of see invisible (left hand)
 G - a ring of flight
Wands
 f - a wand of acid (28)
 p - a wand of iceblast (10)
 w - a wand of flame (20)
Scrolls
 e - 3 scrolls of fog
 l - 3 scrolls of poison
 m - 3 scrolls of amnesia
 o - 3 scrolls of teleportation
 s - 2 scrolls of enchant armour
 u - 2 scrolls of immolation
 y - a scroll of magic mapping
 A - 2 scrolls of enchant weapon
 C - 3 scrolls of fear
Potions
 q - 3 potions of haste {unknown}
 r - a potion of ambrosia {unknown}
 t - a potion of cancellation {unknown}
 v - 3 potions of might {unknown}
 x - 3 potions of mutation {unknown}
 z - a potion of lignification
 B - 2 potions of invisibility
 E - 2 potions of brilliance {unknown}
 I - a potion of magic {unknown}
Miscellaneous
 H - a tin of tremorstones (2/2)


   Skills:
 + Level 12.0 Fighting
 + Level 12.4 Ranged Weapons
 - Level 1.7 Dodging
 - Level 0.8 Stealth


You had 10 spell levels left.
You didn't know any spells.
Your spell library contained the following spells:

 Spells                   Type           Power      Damage    Failure   Level
 Summon Small Mammal      Summ           0%         N/A       63%         1
 Call Canine Familiar     Summ           0%         N/A       94%         3
 Dazzling Flash           Conj/Hex       0%         N/A       94%         3
 Summon Guardian Golem    Hex/Summ       0%         N/A       94%         3
 Volatile Blastmotes      Fire/Tloc      0%         2d10      94%         3
 Iskenderun's Mystic Bla  Conj/Tloc      0%         2d3       100%        4
 Starburst                Conj/Fire      0%         6d3       100%        6


Dungeon Overview and Level Annotations

Branches:
Dungeon (11/15)            Temple (1/1) D:7            Lair (0/5) D:9
 Bailey (visited)
    Orc: D:9-12


Innate Abilities, Weirdness & Mutations

You have an increased reservoir of magic. (+10% MP)
You shall have no god before yourself.
Your divine heritage dramatically boosts your attributes as you level up.


Message History

As you read the scroll of fear, it crumbles to dust.
You assume a fearsome visage.
The cyclops looks frightened!
The cyclops mumbles, "Damn and blast!"
You start resting.
A cyclops is nearby!
You start resting.
A cyclops is nearby!
Fire: a) +0 arbalest
Press: ? - help, Q - select action, (/) - cycle Shift-Dir - straight line, f/p - cyclops
Aim: a cyclops, quivering large rocks (moderately wounded, 90% to hit)
You shoot a bolt. The bolt hits the cyclops!!
The cyclops is almost dead.
Fire: a) +0 arbalest
Press: ? - help, Q - select action, (/) - cycle Shift-Dir - straight line, f/p - cyclops
Aim: a cyclops, quivering large rocks (almost dead, 90% to hit)
You shoot a bolt. The bolt barely misses the cyclops.
Fire: a) +0 arbalest
Press: ? - help, Q - select action, (/) - cycle Shift-Dir - straight line, f/p - cyclops
Aim: a cyclops, quivering large rocks (almost dead, 90% to hit)
You shoot a bolt. The bolt completely misses the cyclops.
The cyclops throws a large rock.
The large rock barely misses you.
Fire: a) +0 arbalest
Press: ? - help, Q - select action, (/) - cycle Shift-Dir - straight line, f/p - cyclops
Aim: a cyclops, quivering large rocks (almost dead, 90% to hit)
You shoot a bolt.
The bolt hits the cyclops but does no damage.
The cyclops is almost dead.
Fire: a) +0 arbalest
Press: ? - help, Q - select action, (/) - cycle Shift-Dir - straight line, f/p - cyclops
Aim: a cyclops, quivering large rocks (almost dead, 90% to hit)
You shoot a bolt. The bolt hits the cyclops.
The cyclops is almost dead.
Fire: a) +0 arbalest
Press: ? - help, Q - select action, (/) - cycle Shift-Dir - straight line, f/p - cyclops
Aim: a cyclops, quivering large rocks (almost dead, 90% to hit)
You shoot a bolt.
The bolt hits the cyclops but does no damage.
The cyclops is almost dead.
The cyclops throws a large rock.
The large rock hits you!!
You die...

#.# .# #######.#
# #.......#
##.#####......#
#.[...##.##.###
##.#.##..... #
.#.##)###.#
##.##
.C.....#.#####.#
)## #..C..@..# #
##########


You could see a cyclops.

Vanquished Creatures
  A two-headed ogre (D:10)
  Erica (D:8)
  Pikel (D:4)
  Maurice (D:8)
  A cyclops (D:10)
  Maggie (D:8)
  A troll (D:10)
  A hornet (D:7)
  A centaur simulacrum (D:11)
  17 yaks
  4 wyverns
  A vampire (D:9)
  A basilisk (D:9)
  A steam dragon (D:8)
  A vampire mosquito (D:11)
  An acid dragon (D:10)
  4 water moccasins (D:9)
  9 orc warriors
  2 ice beasts
  3 black bears
  8 centaurs
  A phantom (D:4)
  7 bullfrogs
  2 scorpions
  3 wights (D:7)
  6 killer bees
  4 howler monkeys
  A vampire bat (D:4)
  3 orc priests
  3 hounds
  2 jellies (D:7)
  3 sleepcaps
  Jessica (D:3)
  An iguana (D:5)
  Ijyb (D:4)
  Terence (D:3)
  7 orc wizards
  A hound zombie (D:4)
  A hound skeleton (D:4)
  4 adders
  4 white imps
  An ufetubus (D:5)
  3 adder skeletons (D:4)
  2 adder zombies (D:4)
  3 dart slugs
  3 fire bats (D:4)
  31 orcs
  2 spectral bats (D:4)
  3 bat skeletons (D:4)
  A bat zombie (D:4)
  6 endoplasms
  2 giant cockroaches
  6 goblins
  7 hobgoblins
  5 jackals
  15 kobolds
  3 quokkas
  7 ball pythons
  11 bats
  A bat simulacrum (D:4)
  4 frilled lizards
  2 rats (D:2)
235 creatures vanquished.

Notes
Turn   | Place    | Note
-------+----------+-------------------------------------------
     0 | D:1      | Heoruswealwe the Demigod Hunter began the quest for the
                  | Orb.
     0 | D:1      | Reached XP level 1. HP: 17/17 MP: 3/3
   317 | D:1      | Reached XP level 2. HP: 24/24 MP: 4/4
  1055 | D:2      | Identified the +1 robe of Wuevi {rCorr Str+4 Stlth+}
  1114 | D:2      | Reached XP level 3. HP: 30/30 MP: 5/5
  1215 | D:2      | Found Salenk's Distillery.
  1277 | D:2      | Bought a potion of flight for 33 gold pieces
  1709 | D:2      | Bought a potion of degeneration for 11 gold pieces
  1820 | D:3      | Noticed Jessica
  1823 | D:3      | Killed Jessica
  1927 | D:3      | You fall into a shaft and drop 3 floors!
  1983 | D:6      | Reached XP level 4. HP: 20/38 MP: 6/6
  2052 | D:6      | Reached XP level 5. HP: 12/46 MP: 7/7
  2219 | D:5      | Entered Level 5 of the Dungeon
  2260 | D:5      | Reached skill level 5 in Ranged Weapons
  2377 | D:4      | Found Guhel's Antique Armour Emporium.
  2652 | D:2      | Bought a potion of lignification for 33 gold pieces
  2824 | D:3      | Noticed Terence
  2849 | D:3      | Killed Terence
  3469 | D:2      | Bought a potion of curing for 33 gold pieces
  3469 | D:2      | Bought a potion of attraction for 33 gold pieces
  3616 | D:4      | Reached XP level 6. HP: 45/53 MP: 8/8
  3834 | D:4      | Noticed Pikel
  3849 | D:4      | Killed Pikel
  3850 | D:4      | Reached XP level 7. HP: 23/63 MP: 9/9
  4201 | D:4      | Noticed Ijyb
  4208 | D:4      | Killed Ijyb
  4816 | D:5      | Reached XP level 8. HP: 71/71 MP: 10/10
  5017 | D:2      | Bought a potion of flight for 33 gold pieces
  5017 | D:2      | Bought a potion of invisibility for 88 gold pieces
  5727 | D:7      | Found a flagged portal.
  5779 | Bailey   | Entered a bailey
  5997 | Bailey   | Reached XP level 9. HP: 59/81 MP: 11/11
  7040 | D:7      | Found a staircase to the Ecumenical Temple.
  7050 | Temple   | Entered the Ecumenical Temple
  7673 | D:8      | Reached skill level 10 in Ranged Weapons
  7717 | D:8      | Noticed Maurice
  7724 | D:8      | Killed Maurice
  8003 | D:8      | Noticed Maggie
  8010 | D:8      | Killed Maggie
  8113 | D:8      | Noticed Erica
  8120 | D:8      | Killed Erica
  8121 | D:8      | Reached skill level 10 in Fighting
  8121 | D:8      | Reached XP level 10. HP: 34/93 MP: 13/13
  8841 | D:9      | Found a staircase to the Lair.
  9401 | D:8      | You fall into a shaft and drop 2 floors!
  9401 | D:10     | Entered Level 10 of the Dungeon
  9406 | D:10     | Noticed a two-headed ogre
  9414 | D:10     | Killed a two-headed ogre
  9415 | D:10     | Reached XP level 11. HP: 68/103 MP: 14/14
 10616 | D:11     | Noticed a two-headed ogre
 10864 | D:11     | Hit by a large rock thrown by a cyclops

Illustrated notes

Levels and vault maps discovered:
D:1:      minmay_arrival_widening_spiral_wide, layout_loops_corners,
          shapermc_ecumenical_altar_mp_urbaneastern, minmay_tetromino_o4
D:2:      layout_loops_cross, serial_shops, shop, minmay_tall_x
D:3:      layout_basic, uniq_terence, uniq_jessica
D:4:      layout_rooms, nicolae_dithmenos_shadow_blocks, serial_undead,
          serial_undead_b, serial_undead_d, serial_undead_f, serial_undead_f,
          serial_shops, nicolae_shop_tiny_statue_garden, goddamned_bats,
          uniq_pikel, uniq_ijyb
D:5:      layout_basic
D:6:      layout_loops_ring, nicolae_hepliaklqana_hazy_memory,
          amcnicky_altar_gilded, lemuel_coloured_pillars_altar
D:7:      layout_basic, mainiacjoe_overflow_cross_hatched, temple_statues,
          enter_bailey_6
D:8:      layout_basic, mainiacjoe_overflow_catch_the_wave, minivault_27,
          uniq_erica, uniq_maurice, uniq_maggie
D:9:      layout_basic, minmay_lair_entry_grove
D:10:     layout_layer_cave
D:11:     minmay_the_grid_square_5x5_5x5_mashed
          [minmay_the_grid_square_5x5_minivault,
          minmay_the_grid_square_5x5_broken_cross,
          minmay_the_grid_square_5x5_two_walls_b,
          minmay_the_grid_square_5x5_inner_v,
          minmay_the_grid_square_5x5_percent, minmay_the_grid_square_5x5_tie,
          minmay_the_grid_square_5x5_prize_pseudospiral,
          minmay_the_grid_square_5x5_trominoes,
          minmay_the_grid_square_5x5_prize_snowflake,
          minmay_the_grid_square_5x5_shuriken,
          minmay_the_grid_square_5x5_tri_point,
          minmay_the_grid_square_5x5_one_wall,
          minmay_the_grid_square_5x5_prize_waves,
          minmay_the_grid_square_5x5_detours, minmay_the_grid_square_5x5_bridge,
          minmay_the_grid_square_5x5_pentomino_r,
          minmay_the_grid_square_5x5_prize_gold,
          minmay_the_grid_square_5x5_sharp_hourglass,
          minmay_the_grid_square_5x5_prize_itemx,
          minmay_the_grid_square_5x5_inner_z,
          minmay_the_grid_square_5x5_fancy_junction,
          minmay_the_grid_square_5x5_eight_small, minmay_the_grid_square_5x5_v,
          minmay_the_grid_square_5x5_n, minmay_the_grid_square_5x5_n_small],
          layout_loops_cross, orc_0_dummy, uniq_urug
Temple:   nicolae_temple_bog_church

Skill      XL: |  1  2  3  4  5  6  7  8  9 10 11 |
---------------+----------------------------------+-----
Fighting       | 2 3 4 6 8 10 11 12 | 12.0
Ranged Weapons | 4 5 6 7 8 10 12 | 12.4
Dodging        | |  1.7
Stealth        | |  0.8

Action                     |  1- 3 |  4- 6 |  7- 9 | 10-12 || total
---------------------------+-------+-------+-------+-------++-------
  Melee: Shortbow          |       |     1 |       |       ||     1
         Broad axe         |       |       |    36 |       ||    36
         Punch             |       |       |     2 |     1 ||     3
         Scimitar          |       |       |       |    60 ||    60
   Fire: Shortbow          |    91 |   171 |       |       ||   262
         Arbalest          |       |    17 |   239 |   186 ||   442
    Use: Potion            |       |     6 |     2 |     7 ||    15
         Scroll            |       |       |     8 |     9 ||    17
 Armour: Leather armour    |     8 |       |       |       ||     8
         Robe              |     8 |    48 |    26 |       ||    82
         Skin              |       |     7 |       |       ||     7
         Swamp dragon scal |       |       |       |    81 ||    81
  Dodge: Dodged            |    17 |    96 |    68 |   125 ||   306
